 Dungeon Crawl Stone Soup version 0.18.1-48-g4cf74bf (webtiles) character file.

109 Gargoyl the Skirmisher (level 4, -3/37 HPs)
             Began as a Demonspawn Abyssal Knight on Aug 21, 2016.
             Was a Believer of Lugonu.
             Slain by Natasha (7 damage)
             ... on level 2 of the Dungeon.
             The game lasted 00:06:26 (1385 turns).

Gargoyl the Skirmisher (Demonspawn Abyssal Knight)  Turns: 1385, Time: 00:06:26

Health: -3/37      AC: 15    Str: 14    XL:     4   Next: 59%
Magic:  6/6        EV:  4    Int: 13    God:    Lugonu [**....]
Gold:   43         SH:  0    Dex: 12    Spells: 0 memorised, 3 levels left

rFire  . . .     SeeInvis .     a - +1 hand axe
rCold  . . .     Gourm    .     i - +0 plate armour
rNeg   . . .     Faith    .     (no shield)
rPois  .         Spirit   .     e - +0 helmet
rElec  .         Dismiss  .     (no cloak)
rCorr  .         Reflect  .     (no gloves)
SustAt .         Harm     .     k - +0 pair of boots
MR     .....                    (no amulet)
Stlth  ..........               (no ring)
                                (no ring)

@: not resistant to hostile enchantments, extremely unstealthy
A: slimy green scales 1, demonic guardian 1
a: Depart the Abyss, Bend Space, Renounce Religion


You were on level 2 of the Dungeon.
You worshipped Lugonu.
Lugonu was pleased with you.
You were not hungry.

You visited 1 branch of the dungeon, and saw 2 of its levels.
You visited the Abyss 1 time.

You collected 43 gold pieces.

Inventory:

Hand Weapons
 a - a +1 hand axe (weapon)
Armour
 e - a +0 helmet (worn)
 i - a +0 plate armour (worn)
 k - a +0 pair of boots (worn)
Scrolls
 b - a scroll of amnesia {unknown}
 g - 3 scrolls of identify {unknown}
 h - a scroll of teleportation {unknown}
 j - a scroll of remove curse {unknown}
Books
 f - a book of the Dragon

   Spells                             Type                      Level
   a - Flame Tongue                   Conjuration/Fire             1
   b - Cause Fear                     Hexes                        4
   c - Bolt of Fire                   Conjuration/Fire             6
   d - Dragon Form                    Transmutation                7
   e - Dragon's Call                  Summoning                    9
Comestibles
 c - a bread ration
 d - a beef jerky
 l - 4 chunks of flesh


   Skills:
 + Level 3.8 Fighting
 + Level 2.4 Axes
 * Level 2.4 Armour
 + Level 1.9 Dodging
 + Level 0.4 Stealth
 + Level 3.1 Invocations


You had 3 spell levels left.
You didn't know any spells.

Dungeon Overview and Level Annotations

Branches:
Dungeon (2/15)

Altars:
Qazlal

Annotations:
D:2 Natasha


Innate Abilities, Weirdness & Mutations

You are partially covered in slimy green scales (AC +2).
A weak demonic guardian rushes to your aid.


Message History

Your iron imp closely misses the iron imp.
Your plate armour prevents you from hitting Natasha.
Natasha is lightly wounded.
Your plate armour prevents you from hitting the iron imp.
The iron imp is severely wounded.
Natasha claws you but does no damage. The iron imp hits you.
* * * LOW HITPOINT WARNING * * *
Your iron imp barely misses the iron imp.
Your plate armour prevents you from hitting Natasha.
Natasha is lightly wounded.
You hit the iron imp.
The iron imp is severely wounded.
Natasha howls an incantation.
You feel disoriented. Natasha claws you but does no damage.
The iron imp hits you but does no damage.
Your iron imp barely misses the iron imp.
Your crimson imp blinks!
Natasha claws you!
You die...

# #.#............. #
#.#.###......... #
#.#...#........#
###.#.#.#........###
.................'..
###.#.#.#.....§.. #.##
<##.#.#.........# ..#
###.#..........h## #.# .#
(.............55@###.### ....
###............5##§...§#....#
#####..........#.....#[...#
#. ..#...........)._.......#
#.# #.#.........##.....#....#
#.# #.#.........##....≈# ....
#.# #.##############)### ##.
#.# #.#############..######
#.###.......................


You could see an iron imp, Natasha, a shadow imp and a friendly iron imp.

Vanquished Creatures
  Natasha (twice) (D:2)
  4 adders (D:2)
  A worm (D:2)
  3 dart slugs
  A ball python (D:1)
  A giant cockroach (D:1)
  4 goblins
  A hobgoblin (D:1)
  4 jackals (D:1)
  3 bats (D:1)
  3 giant newts (D:2)
  3 kobolds
  4 rats
34 creatures vanquished.

Notes
Turn   | Place    | Note
--------------------------------------------------------------
     0 | Abyss:1  | Gargoyl the Demonspawn Abyssal Knight began the quest for the Orb.
     0 | Abyss:1  | Reached XP level 1. HP: 18/18 MP: 2/2
    66 | Abyss:2  | Noticed a wretched star
    68 | D:1      | Escaped the Abyss
   455 | D:1      | Reached * piety under Lugonu
   455 | D:1      | Gained mutation: You are partially covered in slimy green scales (AC +2). [demonic ancestry]
   455 | D:1      | Reached XP level 2. HP: 19/24 MP: 3/3
   824 | D:1      | Reached skill level 1 in Dodging
  1010 | D:2      | Gained mutation: A weak demonic guardian rushes to your aid. [demonic ancestry]
  1010 | D:2      | Reached XP level 3. HP: 22/29 MP: 5/5
  1128 | D:2      | Noticed Natasha
  1135 | D:2      | Killed Natasha
  1146 | D:2      | Reached XP level 4. HP: 26/36 MP: 6/6
  1291 | D:2      | Found a stormy altar of Qazlal.
  1294 | D:2      | Reached ** piety under Lugonu
  1327 | D:2      | Noticed Natasha
  1340 | D:2      | Killed Natasha
  1367 | D:2      | Noticed Natasha
  1385 | D:2      | Slain by Natasha

Skill      XL: |  1  2  3 |
---------------+----------+-----
Armour         | 2 |  2.4
Dodging        | 1 |  1.9
Invocations    | 3 |  3.1
Axes           | 2 |  2.4
Fighting       | |  3.8
Stealth        | |  0.4

Action                   |  1- 3 |  4- 6 || total
-------------------------+-------+-------++-------
Melee: Hand axe          |   105 |    38 ||   143
Invok: Depart the Abyss  |     1 |       ||     1
 Stab: Sleeping          |     1 |       ||     1
  Eat: Chunk             |     1 |     1 ||     2
Armor: Leather armour    |    38 |       ||    38
       Plate armour      |    45 |    44 ||    89
Dodge: Dodged            |    61 |    19 ||    80
